 Seeded DCSS version 0.31-a0-229-g1fc7ce93e2 (webtiles) character file.

Game seed: 705649268257728946 (custom seed)

48 innerfire43 the Ducker (level 3, -1/29 HPs)
             Began as a Demonspawn Monk on July 6, 2023.
             Slain by Sigmund
             ... wielding a +0 scythe
              (10 damage)
             ... on level 2 of the Dungeon.
             The game lasted 00:01:25 (898 turns).

innerfire43 the Ducker (Demonspawn Monk)             Turns: 898, Time: 00:01:26

Health: -1/29      AC:  2    Str: 13    XL:     3   Next: 50%
Magic:  3/3        EV: 13    Int: 11    God:
Gold:   45         SH:  0    Dex: 15    Spells: 2/2 levels left

rFire   . . .        h - +0 war axe
rCold   . . .        d - orb {light}
rNeg    . . .        b - +0 robe
rPois   .            (no helmet)
rElec   .            (no cloak)
rCorr   .            (no gloves)
SInv    .            (no boots)
Will    .....        (no amulet)
Stlth   +            (no ring)
HPRegen 0.24/turn    (no ring)
MPRegen 0.08/turn

%: no passive effects
@: confused, ambrosia-drunk, glowing
A: claws 1, foul stench 1
a: no special abilities


You were on level 2 of the Dungeon.
You visited 1 branch of the dungeon, and saw 2 of its levels.

You collected 45 gold pieces.

Inventory:

Hand Weapons
 a - a +0 hand axe
 h - a +0 war axe (weapon)
Armour
 b - a +0 robe (worn)
 d - an orb of light (worn)
Wands
 f - a wand of flame (15)
Scrolls
 g - a scroll of blinking {unknown}
 i - a scroll of immolation {unknown}
 j - a scroll of teleportation {unknown}
Potions
 c - a potion of ambrosia
 e - 2 potions of mutation {unknown}


   Skills:
 - Level 3.0 Fighting
 - Level 2.6 Axes
 * Level 4.1 Dodging


You had 2 spell levels left.
You didn't know any spells.
Your spell library was empty.

Dungeon Overview and Level Annotations

Branches:
Dungeon (2/15)

Altars:

Annotations:
D:2 Sigmund


Innate Abilities, Weirdness & Mutations

You have sharp fingernails.
You may rarely emit foul miasma when damaged in melee.


Message History

You hit Sigmund but do no damage.
Sigmund is heavily wounded.
Sigmund casts a spell at you.
You are confused.
The goblin shoots a sling bullet.
The sling bullet barely misses you. Sigmund gestures at you while chanting.
The magic dart hits you!
The goblin shoots a sling bullet.
The sling bullet misses you. Sigmund barely misses you.
The goblin shoots a sling bullet.
The sling bullet hits you.
You bump into the rock wall.
The goblin shoots a sling bullet.
The sling bullet barely misses you.
Unknown command.
Sigmund points at you and mumbles some strange words.
The magic dart hits you.
The goblin shoots a sling bullet.
The sling bullet hits you but does no damage.
Sigmund hits you with a +0 scythe.
* * * LOW HITPOINT WARNING * * *
The goblin unwields a +0 sling.
The goblin wields a +0 club.
The goblin closely misses you. Sigmund barely misses you.
You feel less confused.
The goblin unwields a +0 club.
The goblin wields a +0 sling.
The goblin shoots a sling bullet.
The sling bullet hits you.
* * * LOW HITPOINT WARNING * * *
You are confused.
You feel invigorated.
Sigmund hits you from afar with a +0 scythe.
* * * LOW HITPOINT WARNING * * *
The goblin shoots a sling bullet.
The sling bullet hits you.
* * * LOW HITPOINT WARNING * * *
The goblin shoots a sling bullet.
The sling bullet closely misses you. Sigmund barely misses you.
The goblin unwields a +0 sling.
The goblin wields a +0 club.
The goblin hits you but does no damage. Sigmund attacks as you move away!
Sigmund hits you with a +0 scythe.
* * * LOW HITPOINT WARNING * * *
The goblin misses you.
Sigmund hits you from afar with a +0 scythe!
You die...

##......#.#.#.##.....
.§...§.#.....#......
#...§.#.#.......... #'#
####.......... #.#
#.._.........† #.#
####..........
#.####.#..........
#.#####g)..#.....#......
.......@.@.#.#.#^#......
#.........##8#.^8#.....#
#########.########.....#
#......# #.....#'##.#
#......# #.....#.#...
#......# #.....#.####
#......# #.....#.....
#......# #.......####
#......###.......# #.


You could see Sigmund (invisible) and a goblin.

Vanquished Creatures
  Terence (D:2)
  A dart slug (D:2)
  3 bats
  2 endoplasms (D:2)
  2 goblins
  4 hobgoblins
  A frilled lizard (D:1)
  4 kobolds
  3 rats
21 creatures vanquished.

Notes
Turn   | Place    | Note
-------+----------+-------------------------------------------
     0 | D:1      | innerfire43 the Demonspawn Monk began the quest for the
                  | Orb.
     0 | D:1      | Reached XP level 1. HP: 18/18 MP: 1/1
   234 | D:1      | Reached skill level 3 in Dodging
   391 | D:1      | Gained mutation: You have sharp fingernails. [demonic
                  | ancestry]
   391 | D:1      | Reached XP level 2. HP: 23/24 MP: 2/2
   685 | D:2      | Noticed Terence
   695 | D:2      | Killed Terence
   696 | D:2      | Reached skill level 4 in Dodging
   696 | D:2      | Gained mutation: You may rarely emit foul miasma when
                  | damaged in melee. [demonic ancestry]
   696 | D:2      | Reached XP level 3. HP: 26/29 MP: 3/3
   701 | D:2      | Found a faded altar of an unknown god.
   864 | D:2      | Noticed Sigmund
   895 | D:2      | HP: 1/29 [goblin/sling bullet (2)]
   898 | D:2      | Slain by Sigmund

Illustrated notes

Levels and vault maps discovered:
D:1:      minmay_arrival_widening_spiral_narrow, layout_basic
D:2:      layout_basic, shapermc_ecumenical_altar_mp_highgroup, uniq_terence,
          uniq_sigmund

Skill      XL: |  1  2 |
---------------+-------+-----
Dodging        | 3 4 |  4.1
Fighting       | |  3.0
Axes           | |  2.6

Action                     || total
---------------------------++-------
  Melee: Hand axe          ||    49
         War axe           ||     4
    Use: Potion            ||     4
         Scroll            ||     2
 Armour: Robe              ||    13
  Dodge: Dodged            ||    56

Table legend: (Time is in decaauts)
 A = Elapsed time spent in this place.
 B = Non-inter-level travel time spent in this place.
 C = Inter-level travel time spent in this place.
 D = Time resting spent in this place.
 E = Time spent auto-exploring this place.
 F = Levels seen in this place.
 G = Mean time per level.
                   A        B        C        D        E       F      G
               +--------+--------+--------+--------+--------+-----+--------+
         Total |    919 |    901 |     18 |      0 |    732 |   2 |  459.5 |
       Dungeon |    919 |    901 |     18 |      0 |    732 |   2 |  459.5 |
               +--------+--------+--------+--------+--------+-----+--------+

Top non-repeatable levels by time:
     D:1: 589 daAuts
     D:2: 330 daAuts
